 Dungeon Sprint DCSS version 0.22-a0-374-g5dfd9e3 (webtiles) character file.

4900000 packetloss the Conqueror (level 25, -4/163 HPs)
             Began as a Spriggan Artificer on Apr 26, 2018.
             Was the Champion of Makhleb.
             Slain by The Servant
             ... wielding a +9 glaive of flaming
              (31 damage)
             ... in the Dungeon (Sprint VIII: "Arena of Blood").
             The game lasted 00:03:18 (49 turns).

packetloss the Conqueror (Spriggan Artificer)         Turns: 49, Time: 00:03:19

Health: -4/163     AC:  4    Str:  8    XL:     25   Next: 18%
Magic:  26/55      EV: 44    Int: 14    God:    Makhleb [******]
Gold:   0          SH:  0    Dex: 27    Spells: 78/78 levels left

rFire    + . .     SeeInvis +   m - +∞ Axe of Woe
rCold    . . .     Gourm    .   (shield currently unavailable)
rNeg     . . .     Faith    .   b - +0 robe
rPois    .         Spirit   .   (helmet restricted)
rElec    .         Reflect  .   (no cloak)
rCorr    .         Harm     .   (gloves unavailable)
MR       ++++.     NoTele   +   (boots unavailable)
Stlth    +++++++++.             (no amulet)
HPRegen  0.37/turn              n - ring of protection from fire {rF+, !d}
MPRegen  0.34/turn              (no ring)

@: very quick
A: very small, unfitting armour, see invisible, herbivore, speed 3, slow
metabolism 2
a: Minor Destruction, Lesser Servant of Makhleb, Major Destruction, Greater
Servant of Makhleb, Renounce Religion


You were in the Dungeon.
You worshipped Makhleb.
Makhleb was exalted by your worship.
You were not hungry.

You visited 1 branch

Inventory:

Hand Weapons
 a - a +0 short sword
 m - the +∞ Axe of Woe (weapon)
   (You found it in the Dungeon)
Armour
 b - a +0 robe (worn)
Jewellery
 n - a ring of protection from fire (left hand) {rF+, !d}
   (You found it in the Dungeon)
Wands
 c - a wand of flame (15)
 d - a wand of enslavement (15)
 e - a wand of random effects (15)
Scrolls
 l - a scroll of blinking {!r}
Potions
 g - a potion of curing
 h - a potion of heal wounds
 i - a potion of haste
 j - 2 potions of magic
 k - a potion of berserk rage {!q}
Comestibles
 f - a ration


   Skills:
 O Level 27 Fighting
 O Level 27 Short Blades
 O Level 27 Axes
 O Level 27 Throwing
 O Level 27 Armour
 O Level 27 Dodging
 O Level 27 Stealth
 O Level 27 Unarmed Combat
 O Level 27 Spellcasting
 O Level 27 Invocations
 O Level 27 Evocations


You had 78 spell levels left.
You didn't know any spells.

Dungeon Overview and Level Annotations

Branches:
Dungeon (1/1)

Altars:
Makhleb

Annotations:
D The Servant


Innate Abilities, Weirdness & Mutations

You are very small and have problems with some larger weapons.
You are too small for most types of armour.
You have supernaturally acute eyesight. (SInv)
You are a herbivore.
You cover ground extremely quickly.
You need to consume almost no food.


Message History

n - a ring of protection from fire (left hand) {rF+, !d} The small abomination completely misses you.
You hear a shout!
The bag of meat shouts!
You slash the bag of meat!
You dissect the bag of meat like a pig carcass.
You kill the bag of meat!
Makhleb accepts your kill.
You hit the small abomination but do no damage.
You fatally mangle the small abomination.
You destroy the small abomination!
Makhleb accepts your kill.
You slash the bag of meat!
You cleave the bag of meat in twain.
You kill the bag of meat!
Makhleb accepts your kill.
You have reached level 24!
Your experience leads to an increase in your attributes!
Increase (S)trength, (I)ntelligence, or (D)exterity?
You feel agile.
You hear a shout! x4
An orc and an ogre come into view.
Health restored: 158 The bag of meat shouts!
You slice the meat berserker!!
You cleave the meat berserker in twain.
You kill the meat berserker!
Makhleb accepts your kill.
You slice the bag of meat!!
You fatally mangle the bag of meat.
You kill the bag of meat!
Makhleb accepts your kill.
You hit the bag of meat but do no damage.
You hew the bag of meat savagely.
You kill the bag of meat!
Makhleb accepts your kill.
You hear two shouts!
You hear a shout! x4
The bag of meat moves out of view.
You hear a shout! 2 orcs come into view.
A two-headed ogre and a vampire knight come into view.
The destroyer is wielding a +9 great sword of slicing.
You hear a shout! x6 2 orcs, an ogre and a vampire knight come into view.
The destroyer is wielding a +9 great sword of slicing.
Items here: ))) === †† Unknown command.
Okay, then.
Unknown command.
The destroyer shouts! x2
You hit the sculptor of flesh but do no damage.
You pulverise the sculptor of flesh into a thin bloody mist.
You destroy the sculptor of flesh!
Makhleb accepts your kill.
You slash the bag of meat!
You pulverise the bag of meat into a thin bloody mist.
You kill the bag of meat!
Makhleb accepts your kill.
You slash the crawling corpse!
You slaughter the crawling corpse joyfully.
You destroy the crawling corpse!
You slash the bag of meat!
You butcher the bag of meat messily.
You kill the bag of meat!
Makhleb accepts your kill. The Servant completely misses you.
You hear a shout! x2
Unknown command. 2 orcs come into view.
You hear a shout!
The meat berserker rages.
You hear a shout!
The bag of meat hits you with a +9 war axe!!!
A bag of meat comes into view. It is wielding a +9 war axe.
You take 39 damage, and have 119/158 hp.
MASSIVE DAMAGE!!
You hear a shout! x3
The bag of meat completely misses you.
You hear a shout!
The destroyer blinks! x2
You hear a shout!
A bag of meat comes into view. It is wielding a +9 war axe.
The bag of meat shouts!
You slash the destroyer! You chop the destroyer into pieces.
You destroy the destroyer!
Makhleb accepts your kill.
You feel better.
You have reached level 25!
You feel agile.
You slash the bag of meat!
You dissect the bag of meat like a pig carcass.
You kill the bag of meat!
Makhleb accepts your kill.
You slash the bag of meat!
You fatally mangle the bag of meat.
You kill the bag of meat!
Makhleb accepts your kill.
You hear a shout! x2
The meat berserker rages.
You hear a shout! x2
The Servant hits you from afar with a +9 glaive of flaming!!!!
Ouch! That really hurt!
* * * LOW HITPOINT WARNING * * *
The Servant burns you!!
You die...

#.....O....
#.o..o...O#
#o...#.....
#oooo##o)).
#oo.).#)§).
#oooO))###.
#o)@)V##...
#x)Vx#.V...
#@)..#.....
#)oO.......
#O.......o.
#o.o.......
#o...o....#
#.o......#.
#........
#.o###...


You could see The Servant, 2 destroyers, a large bag of meat (inner flame), 2
meat berserkers, a small abomination, 20 bags of meat and a crawling corpse.

Vanquished Creatures
  3 vampire knights (D)
  15 ogres (D)
  A hydra (D)
  29 orcs (D)
  A skeletal warrior (D)
  3 small abominations (D)
  A crawling corpse (D)
53 creatures vanquished.

Notes
Turn   | Place    | Note
-------+----------+-------------------------------------------
     0 | D        | Found the +∞ Axe of Woe
     0 | D        | packetloss the Spriggan Artificer began the quest for the Orb.
     0 | D        | Reached XP level 1. HP: 9/9 MP: 4/4
     3 | D        | Became a worshipper of Makhleb the Destroyer
     6 | D        | Noticed a bag of meat
     6 | D        | Noticed a bag of meat
     6 | D        | Noticed a bag of meat
    11 | D        | Noticed a bag of meat
    11 | D        | Noticed a bag of meat
    14 | D        | Noticed a meat berserker
    14 | D        | Noticed a bag of meat
    14 | D        | Noticed a bag of meat
    15 | D        | Noticed a bag of meat
    15 | D        | Noticed a bag of meat
    15 | D        | Noticed a bag of meat
    15 | D        | Noticed a bag of meat
    15 | D        | Noticed a bag of meat
    15 | D        | Noticed a bag of meat
    16 | D        | Noticed a bag of meat
    16 | D        | Noticed a meat berserker
    16 | D        | Noticed a destroyer
    16 | D        | Noticed a bag of meat
    17 | D        | Noticed a bag of meat
    17 | D        | Noticed a bag of meat
    17 | D        | Noticed a bag of meat
    17 | D        | Noticed a bag of meat
    17 | D        | Noticed a bag of meat
    17 | D        | Noticed a bag of meat
    17 | D        | Noticed a bag of meat
    17 | D        | Noticed a bag of meat
    18 | D        | Noticed a bag of meat
    18 | D        | Noticed a meat berserker
    18 | D        | Noticed a meat berserker
    18 | D        | Noticed a bag of meat
    18 | D        | Noticed a destroyer
    19 | D        | Killed a meat berserker
    19 | D        | Reached skill level 19 in Fighting
    19 | D        | Reached skill level 19 in Axes
    19 | D        | Reached XP level 2. HP: 35/35 MP: 6/6
    19 | D        | Reached XP level 3. HP: 39/39 MP: 7/7
    19 | D        | Reached XP level 4. HP: 44/44 MP: 8/8
    19 | D        | Reached XP level 5. HP: 49/49 MP: 9/9
    19 | D        | Reached XP level 6. HP: 54/54 MP: 10/10
    19 | D        | Reached XP level 7. HP: 58/58 MP: 11/11
    19 | D        | Reached XP level 8. HP: 63/63 MP: 12/12
    19 | D        | Reached XP level 9. HP: 68/68 MP: 13/13
    19 | D        | Reached XP level 10. HP: 73/73 MP: 14/14
    19 | D        | Reached XP level 11. HP: 78/78 MP: 15/15
    19 | D        | Reached XP level 12. HP: 83/83 MP: 16/16
    19 | D        | Reached XP level 13. HP: 87/87 MP: 17/17
    20 | D        | Noticed a bag of meat
    20 | D        | Noticed a meat berserker
    20 | D        | Killed a destroyer
    20 | D        | Reached * piety under Makhleb
    20 | D        | Reached skill level 23 in Fighting
    20 | D        | Reached skill level 23 in Axes
    20 | D        | Reached XP level 14. HP: 100/100 MP: 18/18
    20 | D        | Killed a bag of meat
    20 | D        | Reached skill level 24 in Fighting
    20 | D        | Reached skill level 24 in Axes
    20 | D        | Reached XP level 15. HP: 105/105 MP: 19/19
    21 | D        | Noticed a meat berserker
    21 | D        | Reached ** piety under Makhleb
    21 | D        | Reached skill level 25 in Fighting
    21 | D        | Reached skill level 25 in Axes
    21 | D        | Reached skill level 26 in Fighting
    21 | D        | Reached skill level 26 in Axes
    21 | D        | Reached XP level 16. HP: 116/116 MP: 20/20
    22 | D        | Noticed a meat berserker
    22 | D        | Killed a destroyer
    22 | D        | Reached skill level 27 in Fighting
    22 | D        | Reached skill level 27 in Axes
    22 | D        | Reached skill level 27 in Dodging
    22 | D        | Reached skill level 3 in Stealth
    22 | D        | Reached XP level 17. HP: 121/121 MP: 21/21
    22 | D        | Reached *** piety under Makhleb
    22 | D        | Reached skill level 15 in Stealth
    22 | D        | Reached skill level 14 in Evocations
    22 | D        | Reached skill level 20 in Stealth
    22 | D        | Reached skill level 18 in Evocations
    23 | D        | Noticed a destroyer
    24 | D        | Noticed a meat berserker
    24 | D        | Reached skill level 24 in Stealth
    24 | D        | Reached skill level 21 in Evocations
    24 | D        | Reached **** piety under Makhleb
    24 | D        | Reached skill level 27 in Stealth
    24 | D        | Reached skill level 24 in Evocations
    24 | D        | Reached XP level 18. HP: 127/127 MP: 21/35
    24 | D        | Reached skill level 27 in Evocations
    24 | D        | Reached skill level 3 in Short Blades
    24 | D        | Reached skill level 3 in Throwing
    24 | D        | Reached skill level 2 in Armour
    24 | D        | Reached skill level 2 in Unarmed Combat
    24 | D        | Reached skill level 4 in Spellcasting
    24 | D        | Reached skill level 3 in Invocations
    25 | D        | Noticed a meat berserker
    26 | D        | Killed a meat berserker
    26 | D        | Reached skill level 10 in Short Blades
    26 | D        | Reached skill level 9 in Throwing
    26 | D        | Reached skill level 7 in Armour
    26 | D        | Reached skill level 7 in Unarmed Combat
    26 | D        | Reached skill level 11 in Spellcasting
    26 | D        | Reached skill level 9 in Invocations
    26 | D        | Killed a meat berserker
    26 | D        | Reached ***** piety under Makhleb
    26 | D        | Reached skill level 13 in Short Blades
    26 | D        | Reached skill level 12 in Throwing
    26 | D        | Reached skill level 9 in Armour
    26 | D        | Reached skill level 10 in Unarmed Combat
    26 | D        | Reached skill level 14 in Spellcasting
    26 | D        | Reached skill level 12 in Invocations
    26 | D        | Reached XP level 19. HP: 132/132 MP: 21/38
    26 | D        | Killed a meat berserker
    26 | D        | Reached skill level 16 in Short Blades
    26 | D        | Reached skill level 14 in Throwing
    26 | D        | Reached skill level 11 in Armour
    26 | D        | Reached skill level 12 in Unarmed Combat
    26 | D        | Reached skill level 17 in Spellcasting
    26 | D        | Reached skill level 14 in Invocations
    27 | D        | Noticed a meat berserker
    29 | D        | Noticed a meat berserker
    30 | D        | Noticed a meat berserker
    30 | D        | Killed a meat berserker
    30 | D        | Reached skill level 17 in Short Blades
    30 | D        | Reached skill level 16 in Throwing
    30 | D        | Reached skill level 13 in Armour
    30 | D        | Reached skill level 14 in Unarmed Combat
    30 | D        | Reached skill level 19 in Spellcasting
    30 | D        | Reached skill level 16 in Invocations
    30 | D        | Reached skill level 18 in Short Blades
    30 | D        | Reached skill level 17 in Throwing
    30 | D        | Reached skill level 15 in Unarmed Combat
    30 | D        | Reached skill level 20 in Spellcasting
    30 | D        | Reached skill level 17 in Invocations
    30 | D        | Reached XP level 20. HP: 137/137 MP: 22/45
    30 | D        | Reached skill level 19 in Short Blades
    30 | D        | Reached skill level 18 in Throwing
    30 | D        | Reached skill level 14 in Armour
    30 | D        | Reached skill level 21 in Spellcasting
    30 | D        | Reached skill level 18 in Invocations
    30 | D        | Reached skill level 20 in Short Blades
    30 | D        | Reached skill level 15 in Armour
    30 | D        | Reached skill level 16 in Unarmed Combat
    31 | D        | Noticed an eight-headed meat hydra
    32 | D        | Noticed a meat berserker
    34 | D        | Noticed a meat berserker
    34 | D        | Killed a meat berserker
    34 | D        | Reached skill level 21 in Short Blades
    34 | D        | Reached skill level 20 in Throwing
    34 | D        | Reached skill level 16 in Armour
    34 | D        | Reached skill level 17 in Unarmed Combat
    34 | D        | Reached skill level 23 in Spellcasting
    34 | D        | Reached skill level 20 in Invocations
    34 | D        | Reached ****** piety under Makhleb
    34 | D        | Reached skill level 22 in Short Blades
    34 | D        | Reached skill level 18 in Unarmed Combat
    34 | D        | Killed a meat berserker
    34 | D        | Reached skill level 23 in Short Blades
    34 | D        | Reached skill level 21 in Throwing
    34 | D        | Reached skill level 17 in Armour
    34 | D        | Reached skill level 19 in Unarmed Combat
    34 | D        | Reached skill level 25 in Spellcasting
    34 | D        | Reached skill level 22 in Invocations
    34 | D        | Reached XP level 21. HP: 142/142 MP: 23/51
    34 | D        | Reached skill level 24 in Short Blades
    34 | D        | Reached skill level 22 in Throwing
    34 | D        | Reached skill level 18 in Armour
    34 | D        | Reached skill level 20 in Unarmed Combat
    34 | D        | Reached skill level 26 in Spellcasting
    34 | D        | Reached skill level 23 in Invocations
    35 | D        | Reached skill level 25 in Short Blades
    35 | D        | Reached skill level 23 in Throwing
    35 | D        | Reached skill level 19 in Armour
    35 | D        | Reached skill level 27 in Spellcasting
    35 | D        | Reached skill level 24 in Invocations
    35 | D        | Reached skill level 26 in Short Blades
    35 | D        | Reached skill level 24 in Throwing
    35 | D        | Reached skill level 21 in Unarmed Combat
    35 | D        | Reached XP level 22. HP: 148/148 MP: 23/54
    35 | D        | Reached skill level 20 in Armour
    35 | D        | Reached skill level 25 in Invocations
    35 | D        | Reached skill level 27 in Short Blades
    35 | D        | Reached skill level 25 in Throwing
    35 | D        | Reached skill level 22 in Unarmed Combat
    36 | D        | Noticed The Servant
    36 | D        | Reached skill level 26 in Throwing
    36 | D        | Reached skill level 21 in Armour
    36 | D        | Reached skill level 26 in Invocations
    37 | D        | Reached skill level 23 in Unarmed Combat
    37 | D        | Reached skill level 27 in Throwing
    37 | D        | Reached skill level 22 in Armour
    37 | D        | Reached skill level 27 in Invocations
    38 | D        | Reached skill level 23 in Armour
    38 | D        | Reached skill level 24 in Unarmed Combat
    38 | D        | Reached skill level 25 in Unarmed Combat
    39 | D        | Reached skill level 24 in Armour
    40 | D        | Noticed a destroyer
    40 | D        | Reached skill level 26 in Unarmed Combat
    40 | D        | Reached XP level 23. HP: 153/153 MP: 24/55
    40 | D        | Reached skill level 27 in Armour
    40 | D        | Reached skill level 27 in Unarmed Combat
    43 | D        | Reached XP level 24. HP: 158/158 MP: 25/55
    45 | D        | Noticed a destroyer
    45 | D        | Noticed a large bag of meat
    46 | D        | Noticed a destroyer
    49 | D        | Killed a destroyer
    49 | D        | Reached XP level 25. HP: 163/163 MP: 26/55
    49 | D        | HP: 27/163 [The Servant/+9 glaive of flaming (136)]
    49 | D        | Slain by The Servant

Vault maps used:
D:        meatsprint

Skill      XL: |  1  2  3  4  5  6  7  8  9 10 11 12 13 14 15 16 17 18 19 20 21 22 23 |
---------------+----------------------------------------------------------------------+-----
Fighting       | 19 23 24 26 27 | 27.0
Axes           | 19 23 24 26 27 | 27.0
Dodging        | 27 | 27.0
Stealth        | 3 27 | 27.0
Evocations     | 24 27 | 27.0
Short Blades   | 13 18 23 26 27 | 27.0
Throwing       | 12 17 21 24 27 | 27.0
Armour         | 9 13 17 19 24 27 | 27.0
Unarmed Combat | 10 15 19 21 26 27 | 27.0
Spellcasting   | 14 20 25 27 | 27.0
Invocations    | 12 17 22 24 27 | 27.0

Action                   |  1- 3 |  4- 6 |  7- 9 | 10-12 | 13-15 | 16-18 | 19-21 | 22-24 | 25-27 || total
-------------------------+-------+-------+-------+-------+-------+-------+-------+-------+-------++-------
Melee: Broad axe         |     1 |       |       |       |     2 |     3 |     3 |    10 |       ||    19
Dodge: Dodged            |       |       |       |       |       |       |     3 |     3 |       ||     6

Table legend:
 A = Spawn XP
 B = Non-spawn XP
 C = Spawn XP percentage of total XP
 D = Spawn monster count
 E = Non-spawn monster count
 F = Spawn count percentage of total count
 G = Total turns spent on level
                    A         B        C        D         E        F      G
               +---------+---------+-------+---------+---------+-------+---------
         Total |       0 | 1177553 |   0.0 |       0 |      52 |   0.0 |    49
               +---------+---------+-------+---------+---------+-------+---------
             D |       0 | 1177553 |   0.0 |       0 |      52 |   0.0 |    49
               +---------+---------+-------+---------+---------+-------+---------

Vault maps used:
D:        meatsprint

Table legend:
 A = Turns spent in this place as a percentage of turns spent in the entire game.
 B = Non-inter-level travel turns spent in this place as a percentage of non-inter-level travel turns spent in the entire game.
 C = Inter-level travel turns spent in this place as a percentage of turns spent in this place.
 D = Turns resting spent in this place as a percentage of non-inter-level travel turns spent in this place.
 E = Turns spent auto-exploring this place as a percentage of non-inter-level travel turns spent in this place.
 F = Non-inter-level travel turns spent in this place divided by the number of levels of this place that you've seen.
                   A       B       C       D       E      F
               +-------+-------+-------+-------+-------+----------------------
         Total | 100.0 | 100.0 |   0.0 |   0.0 |   0.0 |  49.0
       Dungeon | 100.0 | 100.0 |   0.0 |   0.0 |   0.0 |  49.0
               +-------+-------+-------+-------+-------+----------------------

Table legend:
 A = Kills in this place as a percentage of kills in entire the game.
 B = Kills by you in this place as a percentage of kills by you in the entire game.
 C = Kills by friends in this place as a percentage of kills by friends in the entire game.
 D = Other kills in this place as a percentage of other kills in the entire game.
 E = Experience gained in this place as a percentage of experience gained in the entire game.
 F = Experience gained in this place divided by the number of levels of this place that you have seen.
                   A       B       C       D       E      F
               +-------+-------+-------+-------+-------+----------------------
         Total | 100.0 | 100.0 |   N/A |   N/A | 100.0 | 1177553.0
       Dungeon | 100.0 | 100.0 |   N/A |   N/A | 100.0 | 1177553.0
               +-------+-------+-------+-------+-------+----------------------
